Map: Dreamcatcher LE

Players

RiSky

  • Race: Zerg Zerg
  • League: Master
  • Spawn Location: 11:00

InZaNe - Winner!

  • Race: Terran Terran
  • League: Grandmaster
  • Spawn Location: 5:00

Event: HomeStory Cup XVII

VOD

Have the link to the VOD?

Description

Time

  • Played on: June 28, 2018, 8:17 a.m.
  • Length: 29:27

All games in this series

Show
View Real Time Build Order
Export as new Build Order

RiSky Zerg 

Build Orders: Hatch First 

Get SALT Encoding   

  12  0:00  Drone  
  13  0:12  Overlord  
  13  0:17  Drone  
  14  0:30  Drone x2  
  14  0:34  Drone  
  17  0:51  Hatchery  
  17  0:54  Drone  
  17  0:58  Drone  
  18  1:08  Extractor  
  17  1:12  Spawning Pool  
  17  1:15  Drone  
  17  1:18  Drone  
  18  1:27  Drone  
  19  1:38  Overlord  
  19  1:49  Drone  
  20  1:59  Queen  
  20  2:00  Zergling x2  
  23  2:03  Queen  
  23  2:04  Zergling x2  
  26  2:11  Drone  
  26  2:15  Drone  
  28  2:23  Hatchery  
  28  2:26  Drone  
  28  2:28  Drone  
  29  2:34  Metabolic Boost  
  29  2:44  Queen  
  29  2:46  Overlord  
  29  2:49  Drone  
  29  2:51  Drone  
  33  2:53  Drone  
  33  2:54  Drone  
  35  2:59  Drone  
  36  3:08  Drone  
  36  3:12  Drone x3  
  40  3:17  Overlord  
  40  3:18  Drone  
  40  3:19  Drone x2  
  43  3:28  Drone  
  44  3:34  Queen x2  
  44  3:35  Overlord  
  44  3:36  Drone  
  44  3:40  Queen  
  51  3:45  Zergling x4, Drone  
  54  3:49  Drone x2  
  54  3:52  Overlord  
  54  3:55  Overlord  
  56  3:58  Drone  
  56  3:59  Drone  
  56  4:02  Extractor  
  57  4:03  Drone  
  57  4:04  Evolution Chamber  
  57  4:08  Drone  
  58  4:10  Overlord  
  58  4:12  Drone  
  58  4:13  Drone x2  
  61  4:18  Queen  
  61  4:21  Drone x3  
  66  4:26  Overlord  
  66  4:28  Drone  
  66  4:31  Zerg Ground Armor Level 1  
  67  4:34  Overlord  
  67  4:38  Zergling x4  
  69  4:44  Queen  
  71  4:47  Lair, Zergling x4  
  71  4:48  Zergling x2  
  71  4:51  Zergling x4  
  76  4:54  Zergling x6  
  76  4:57  Zergling x4  
  81  5:01  Baneling Nest, Zergling x2  
  81  5:02  Zergling x2  
  81  5:04  Overlord  
  81  5:05  Zergling x2  
  81  5:06  Zergling x2  
  84  5:11  Queen  
  84  5:13  Overlord  
  86  5:15  Zergling x4  
  88  5:25  Overlord  
  88  5:26  Queen  
  89  5:30  Drone x3  
  89  5:32  Overlord  
  89  5:34  Overlord  
  92  5:36  Overlord  
  92  5:37  Drone  
  92  5:40  Drone x2  
  92  5:42  Zergling x4  
  97  5:44  Centrifical Hooks  
  98  5:50  Zergling x6  
  98  5:54  Overlord  
  98  5:56  Drone  
  100  5:57  Overlord  
  100  5:58  Drone  
  100  5:59  Drone  
  100  6:01  Drone x2  
  100  6:03  Extractor  
  103  6:08  Evolution Chamber  
  103  6:09  Drone  
  103  6:10  Drone x2  
  103  6:11  Drone  
  106  6:16  Drone  
  106  6:17  Drone  
  108  6:19  Drone  
  108  6:22  Drone  
  108  6:23  Overlord, Extractor x2  
  108  6:25  Zerg Melee Weapons Level 1  
  108  6:28  Drone  
  108  6:29  Extractor  
  110  6:32  Zergling x4  
  110  6:33  Zergling x6  
  110  6:38  Hatchery  
  110  6:39  Zergling x6, Drone  
  114  6:43  Zerg Ground Armor Level 2, Drone  
  115  6:49  Zergling x2  
  115  6:53  Zergling x8  
  120  6:56  Drone  
  120  6:59  Drone x2  
  123  7:03  Drone  
  123  7:04  Zergling x4  
  123  7:05  Baneling, Hydralisk Den  
  123  7:06  Baneling x7, Overseer  
  125  7:12  Drone x2  
  125  7:13  Spore Crawler  
  125  7:14  Zergling x2  
  127  7:16  Zergling x2  
  128  7:25  Zergling x4  
  128  7:27  Hatchery  
  128  7:28  Zergling x8  
  128  7:29  Zergling x8  
  137  7:34  Zergling x6  
  139  7:38  Zergling x2  
  140  7:47  Muscular Augments, Drone x3  
  139  7:53  Zergling x6  
  139  7:58  Drone  
  143  7:59  Hydralisk x3  
  143  8:00  Hydralisk x2  
  143  8:02  Hydralisk  
  143  8:03  Hydralisk x2  
  157  8:07  Hydralisk  
  157  8:11  Drone  
  157  8:12  Drone x2  
  156  8:14  Drone  
  156  8:15  Drone  
  157  8:20  Drone x2  
  157  8:24  Drone x2  
  157  8:26  Zerg Melee Weapons Level 2  
  161  8:28  Zergling x6  
  161  8:29  Infestation Pit  
  161  8:31  Drone  
  164  8:35  Zergling x8  
  164  8:41  Overlord  
  168  8:43  Overlord x2  
  168  8:49  Overlord  
  168  8:52  Hydralisk x3  
  168  8:54  Overlord  
  174  8:58  Hatchery  
  174  9:02  Overlord x2  
  172  9:03  Zerg Missile Weapons Level 1, Hydralisk x5  
  172  9:07  Pneumatized Carapace  
  182  9:10  Hive  
  182  9:11  Hydralisk  
  182  9:12  Hydralisk  
  182  9:14  Baneling  
  182  9:15  Baneling x4  
  182  9:16  Baneling  
  182  9:17  Baneling x2  
  186  9:27  Zergling x22  
  186  9:30  Zergling x4  
  199  9:38  Zergling x4  
  200  9:41  Overlord  
  200  9:49  Zergling x2  
  200  9:50  Zergling x4  
  200  9:52  Grooved Spines  
  197  9:57  Zergling x2  
  197  9:58  Zergling x12  
  194  10:00  Zergling x2  
  194  10:01  Zergling x4  
  194  10:06  Zergling x10  
  194  10:07  Zergling x6  
  191  10:15  Zergling x6  
  191  10:16  Zergling x10  
  199  10:22  Zergling x2  
  191  10:31  Zergling x18  
  167  10:36  Zergling x14  
  167  10:40  Zergling x4  
  167  10:42  Zerg Ground Armor Level 3  
  174  10:45  Zergling x18  
  176  10:50  Baneling x4  
  176  10:51  Baneling x3, Hydralisk x2  
  176  10:54  Hydralisk x3  
  185  10:58  Hydralisk  
  185  11:00  Hydralisk x2  
  188  11:08  Viper x5  
  198  11:15  Zergling x12  
  199  11:19  Spire  
  199  11:20  Zerg Missile Weapons Level 2  
  199  11:23  Extractor, Zergling x6  
  199  11:24  Extractor  
  195  11:28  Zergling x10  
  195  11:31  Zergling x6  
  199  11:35  Baneling  
  199  11:36  Baneling x11  
  199  11:39  Spore Crawler  
  195  12:03  Extractor x2, Zergling x22  
  195  12:04  Zergling x4  
  193  12:09  Zergling x2  
  193  12:10  Zergling x16  
  200  12:36  Greater Spire  
  198  12:38  Spire  
  198  12:42  Baneling x4  
  197  12:51  Zergling x26  
  196  12:58  Hatchery  
  173  13:10  Zergling x20  
  169  13:12  Zergling x2  
  169  13:13  Zergling x16  
  169  13:19  Baneling  
  172  13:20  Baneling x10  
  172  13:23  Hatchery  
  172  13:24  Zergling x14  
  172  13:25  Zergling x8  
  183  13:33  Zergling x2  
  180  13:44  Hydralisk x9  
  180  13:48  Zergling x14  
  174  13:50  Baneling  
  174  13:51  Baneling x14  
  174  13:55  Hydralisk x3  
  174  13:58  Zergling x4  
  174  14:02  Zergling x6  
  160  14:06  Hydralisk x2  
  152  14:27  Drone x5  
  152  14:28  Drone x2  
  159  14:32  Hatchery  
  159  14:37  Viper  
  164  14:40  Viper  
  164  14:43  Hatchery  
  165  14:46  Viper  
  161  14:53  Zerg Flyer Armor Level 1, Zerg Flyer Weapons Level 1  
  161  15:06  Hatchery  
  158  15:25  Corruptor x8  
  174  15:41  Pathogen Glands  
  174  15:50  Drone x5  
  178  16:05  Brood Lord x3  
  178  16:06  Brood Lord x5  
  192  16:14  Hatchery  
  191  16:23  Infestor x2  
  197  16:39  Infestor  
  199  16:49  Zerg Flyer Weapons Level 2, Zerg Flyer Armor Level 2  
  199  16:50  Overseer x4  
  195  17:01  Hydralisk x8  
  198  17:15  Hydralisk x6  
  198  17:27  Zergling x6  
  190  17:31  Hydralisk x3  
  190  17:36  Baneling x3  
  196  17:40  Spore Crawler  
  196  17:43  Spore Crawler x2  
  174  17:44  Spore Crawler  
  174  17:47  Spore Crawler  
  174  17:50  Hydralisk x4  
  174  17:51  Hydralisk x14  
  150  17:55  Hydralisk x2  
  150  17:58  Hydralisk  
  160  18:00  Zergling x4  
  160  18:05  Extractor x2  
  162  18:06  Zergling x8  
  162  18:07  Zergling x6  
  162  18:12  Queen  
  169  18:13  Spore Crawler, Infestor  
  169  18:14  Spore Crawler  
  171  18:20  Drone x6  
  171  18:22  Baneling  
  171  18:23  Baneling x2  
  175  18:39  Corruptor x4  
  179  18:49  Corruptor x2  
  179  18:54  Queen  
  185  19:10  Infestor  
  185  19:11  Infestor x2  
  191  19:17  Brood Lord  
  193  19:26  Brood Lord  
  193  19:35  Brood Lord x2  
  193  19:49  Zergling x2  
  193  19:50  Zergling x32  
  184  19:58  Overseer x2  
  184  20:00  Brood Lord  
  184  20:01  Brood Lord  
  184  20:04  Corruptor  
  184  20:05  Corruptor x2  
  194  20:08  Queen x2  
  198  20:24  Corruptor  
  200  20:40  Corruptor  
  200  20:41  Corruptor  
  200  20:48  Extractor x2  
  198  20:58  Queen  
  186  21:34  Infestor x3  
  186  21:37  Brood Lord x4  
  192  21:54  Baneling  
  192  21:55  Baneling x10  
  192  21:58  Brood Lord  
  192  21:59  Queen x2  
  198  22:15  Zergling x8  
  175  22:16  Zergling x20  
  175  22:18  Zergling x18  
  175  22:19  Zergling x8  
  175  22:21  Spore Crawler  
  175  22:22  Spore Crawler  
  168  22:25  Spore Crawler  
  168  22:26  Spore Crawler  
  135  22:30  Hydralisk  
  135  22:31  Hydralisk x5  
  135  22:32  Hydralisk x2  
  135  22:33  Hydralisk x2  
  135  22:34  Hydralisk  
  135  22:35  Queen x2  
  161  22:42  Hydralisk x2  
  161  22:43  Hydralisk x5  
  175  22:46  Baneling x12  
  175  22:48  Zergling x2  
  175  22:49  Zergling x10  
  175  22:50  Queen x2  
  185  23:01  Zergling x2  
  185  23:02  Zergling x16  
  183  23:09  Zergling x8  
  172  23:14  Zergling x8  
  176  23:21  Corruptor x6  
  188  23:31  Corruptor x2  
  180  23:42  Corruptor x4  
  180  23:59  Brood Lord x3  
  182  24:04  Queen x2  
  196  24:16  Brood Lord  
  198  24:22  Brood Lord x2, Hatchery  
  198  24:23  Brood Lord  
  192  24:26  Overseer  
  192  24:27  Overseer  
  190  24:34  Zergling x18  
  199  24:43  Corruptor  
  200  24:49  Lair  
  199  24:53  Overlord  
  199  24:54  Overlord x3  
  192  25:04  Infestor x4  
  192  25:19  Corruptor x3  
  198  25:22  Spore Crawler x2  
  198  25:24  Baneling x6  
  198  25:25  Spore Crawler x2  
  198  25:26  Spore Crawler  
  193  25:29  Spore Crawler x2, Zergling x10  
  192  25:47  Zergling x22  
  200  25:55  Zergling x12  
  200  25:56  Zergling x2  
  177  26:06  Infestor x2  
  181  26:11  Infestor x2  
  181  26:12  Infestor  
  187  26:25  Corruptor  
  173  26:36  Infestor  
  161  26:42  Infestor x3  
  166  26:47  Brood Lord  
  166  26:51  Zergling x6  
  167  26:55  Zergling x4  
  167  26:56  Zergling x2  
  167  26:58  Zergling x6  
  167  27:01  Extractor  
  159  27:11  Brood Lord  
  159  27:13  Overlord  
  161  27:22  Overlord  
  161  27:32  Infestor x2  
  165  27:37  Baneling x4  
  158  27:46  Hydralisk x2  
  162  27:56  Corruptor  
  164  28:00  Infestor  
  156  28:22  Corruptor x3  
  144  28:41  Corruptor x2  
  147  28:48  Corruptor  
Show
View Real Time Build Order
Export as new Build Order

InZaNe Terran - Winner!

Build Orders: Reaper Expand, Bio Tank 

Get SALT Encoding   

  12  0:00  SCV  
  13  0:12  SCV  
  14  0:17  Supply Depot  
  14  0:24  SCV  
  15  0:38  SCV  
  15  0:41  Barracks  
  16  0:50  SCV  
  16  0:52  Refinery  
  17  1:02  SCV  
  18  1:14  SCV  
  19  1:29  Orbital Command  
  19  1:34  Reaper  
  20  1:40  Command Center  
  20  1:50  Supply Depot  
  20  1:56  Barracks  
  20  1:57  SCV  
  21  2:06  Barracks Reactor  
  21  2:09  SCV  
  21  2:13  Supply Depot  
  22  2:18  Refinery  
  22  2:22  SCV  
  23  2:35  SCV  
  24  2:38  Factory  
  24  2:44  Barracks Tech Lab, Marine x2  
  24  2:47  SCV  
  27  2:54  Orbital Command  
  27  3:02  Marine x2  
  27  3:05  SCV  
  30  3:06  Stimpack  
  30  3:09  Marine  
  31  3:17  SCV  
  32  3:20  SCV  
  32  3:21  Marine  
  32  3:25  Marine  
  35  3:27  Starport  
  35  3:29  SCV  
  35  3:32  SCV, Marine  
  38  3:34  Factory Reactor  
  38  3:41  Supply Depot  
  38  3:42  SCV, Marine  
  38  3:44  SCV  
  38  3:46  Marine  
  42  3:53  Marine  
  42  3:54  SCV  
  44  3:56  SCV  
  44  4:01  Marine  
  46  4:03  Supply Depot  
  46  4:06  SCV  
  46  4:08  SCV  
  48  4:15  Marine x2, Medivac x2  
  53  4:18  SCV  
  54  4:24  Marine  
  54  4:25  SCV  
  54  4:28  Engineering Bay  
  54  4:29  Engineering Bay  
  54  4:30  SCV  
  57  4:33  Marine x2  
  57  4:36  Supply Depot  
  57  4:37  SCV  
  60  4:42  Marine  
  60  4:43  SCV  
  62  4:55  Terran Infantry Weapons Level 1, Terran Infantry Armor Level 1  
  62  4:57  SCV x2  
  64  5:01  Command Center  
  64  5:06  Refinery, Marine x3  
  67  5:08  Refinery  
  67  5:09  Combat Shield  
  67  5:13  Supply Depot  
  67  5:19  Supply Depot  
  67  5:24  Marine  
  67  5:25  Marine x2  
  70  5:30  Factory Tech Lab  
  70  5:40  SCV x2, Barracks x2  
  70  5:42  Barracks  
  72  5:52  SCV x2  
  72  5:54  Starport Reactor, Marine  
  72  5:55  Marine x2  
  76  5:59  Armory  
  76  6:04  SCV x2  
  76  6:09  Supply Depot  
  78  6:14  Orbital Command  
  78  6:16  SCV  
  78  6:17  Marine  
  80  6:18  Marine  
  80  6:19  SCV  
  80  6:25  Siege Tank, Marine  
  86  6:27  Barracks Reactor x2  
  86  6:29  Barracks Reactor  
  86  6:37  Orbital Command  
  80  6:40  Marine  
  80  6:41  Marine x3  
  80  6:42  SCV x2, Marine  
  80  6:46  Medivac  
  89  6:52  Terran Infantry Weapons Level 2  
  89  6:54  SCV  
  89  6:55  Terran Infantry Armor Level 2, SCV  
  89  6:58  Marine  
  89  6:59  Medivac  
  94  7:02  Supply Depot  
  94  7:04  SCV  
  94  7:07  SCV x2  
  97  7:08  Supply Depot  
  97  7:16  SCV  
  97  7:19  SCV x2, Medivac  
  97  7:21  Terran Vehicle Weapons Level 1  
  102  7:25  Supply Depot  
  102  7:26  Supply Depot  
  102  7:29  Marine x5  
  108  7:31  SCV  
  108  7:34  Marine x4  
  108  7:36  SCV  
  113  7:38  Refinery  
  113  7:40  SCV  
  113  7:41  Refinery  
  113  7:43  SCV  
  114  7:50  Marine x4  
  114  7:51  Marine x2  
  119  7:52  Marine x2  
  119  7:56  Marine  
  119  7:58  SCV x3  
  121  8:00  Factory  
  123  8:09  Marine x3  
  123  8:10  SCV x3, Marine x5  
  125  8:13  Siege Tank  
  125  8:14  Marine  
  124  8:29  Marine x8  
  124  8:32  Marine, Medivac x2  
  137  8:44  Factory Tech Lab  
  137  8:45  Command Center  
  137  8:46  Marine  
  137  8:47  Marine x4  
  141  8:57  Siege Tank, Marine x3  
  141  8:58  Sensor Tower  
  148  9:03  Siege Tank, Medivac x2  
  148  9:04  Marine  
  148  9:07  Marine  
  157  9:13  Terran Infantry Weapons Level 3  
  157  9:15  Terran Infantry Armor Level 3  
  155  9:29  Marauder  
  155  9:31  Marine  
  157  9:33  Marine  
  157  9:37  Marine  
  157  9:45  Terran Vehicle Weapons Level 2, Marine  
  157  9:47  Siege Tank x2, Marine x2  
  165  9:54  Marine  
  165  9:55  Marine x2  
  165  9:56  Marine x2  
  165  9:57  Marauder  
  165  10:03  Marine  
  165  10:04  Marine x2  
  163  10:11  Marine, Barracks  
  163  10:12  Barracks x2  
  163  10:13  Marine x3  
  167  10:14  Marine, Medivac x2  
  167  10:17  Marine  
  167  10:21  Siege Tank x2, Marine  
  179  10:27  SCV  
  176  10:30  Marine  
  176  10:31  Marine  
  176  10:32  Marine x5  
  176  10:35  Marine  
  159  10:39  Marine  
  160  10:44  SCV x2  
  162  10:53  Siege Tank x2  
  162  10:54  Marauder  
  162  10:56  Planetary Fortress  
  169  10:58  Marine x2  
  169  11:01  Barracks Tech Lab  
  169  11:02  Barracks Tech Lab  
  169  11:03  Marine x4  
  173  11:04  Barracks Tech Lab, Marine  
  174  11:13  Sensor Tower  
  174  11:15  Marauder, Medivac  
  174  11:16  Medivac  
  180  11:23  Supply Depot  
  180  11:27  Marauder, Siege Tank, Supply Depot  
  180  11:28  Supply Depot  
  164  11:35  Marauder, Siege Tank  
  164  11:36  Marauder  
  170  11:48  Marauder  
  170  11:49  Medivac  
  170  11:50  Medivac  
  176  11:56  Marauder  
  176  11:57  Barracks Tech Lab, Marine  
  176  11:58  Marauder, Marine x7  
  176  12:00  Command Center  
  185  12:07  Ghost Academy  
  177  12:09  Marine  
  177  12:15  Marine x4  
  167  12:16  Marine x4  
  167  12:17  Marauder  
  167  12:19  Marine  
  178  12:25  Marauder  
  178  12:27  Marauder  
  178  12:29  Refinery x2  
  172  12:37  Marauder  
  172  12:39  Marauder  
  172  12:42  Marine x3  
  179  12:45  Marine  
  179  12:47  Marauder  
  179  12:48  Marine x2, Ghost  
  185  12:58  Ghost  
  184  12:59  Ghost  
  181  13:07  Ghost  
  181  13:10  Marine x2  
  181  13:11  Marine x6  
  181  13:12  Medivac  
  179  13:16  Ghost  
  180  13:26  Ghost  
  180  13:28  Marine, Ghost  
  175  13:36  Marauder  
  175  13:38  Marine  
  175  13:39  Marine x3  
  177  13:45  Marine, Ghost  
  177  13:46  Marine x3  
  177  13:48  Siege Tank  
  155  13:49  Siege Tank  
  155  13:55  Ghost  
  156  13:56  Marine x4, Ghost  
  142  14:03  Ghost  
  142  14:04  Marine  
  142  14:07  Marine x3  
  136  14:13  Medivac  
  136  14:14  Medivac, Marine x4, Ghost  
  146  14:22  Marine  
  146  14:23  Ghost  
  146  14:24  Siege Tank x2  
  155  14:25  Marine x3, Ghost  
  155  14:26  Liberator  
  155  14:29  Personal Cloaking  
  160  14:37  Missile Turret  
  160  14:43  Liberator  
  160  14:45  Marauder x2  
  167  14:46  Marine x2  
  167  14:47  Marine  
  172  14:52  Marine  
  172  14:53  Marauder, Marine x3  
  172  14:54  Marauder  
  172  14:59  Missile Turret x2  
  178  15:06  Ghost  
  183  15:08  Siege Tank x2  
  183  15:12  Liberator  
  189  15:21  Ghost  
  189  15:22  Ghost  
  189  15:24  Marine  
  189  15:26  Marine  
  197  15:37  Missile Turret  
  197  15:39  Missile Turret  
  197  15:42  Siege Tank  
  200  15:43  Terran Vehicle And Ship Armor Level 1  
  198  16:23  Missile Turret  
  198  16:38  Ghost  
  200  16:45  Command Center  
  198  16:47  Supply Depot  
  188  17:02  Ghost x3  
  188  17:03  Medivac x2  
  198  17:15  Ghost  
  183  17:17  Marine x8  
  183  17:22  Command Center  
  189  17:30  Ghost  
  189  17:31  Ghost x2  
  189  17:34  Marine  
  193  17:43  Ghost  
  184  17:50  Marine x7  
  170  17:52  Marine  
  155  17:59  Ghost x3  
  155  18:00  Viking x2  
  165  18:08  Marine x3  
  165  18:10  Marine x5  
  165  18:12  Ghost  
  175  18:25  Marine  
  175  18:26  Marine x2  
  178  18:27  Ghost  
  178  18:28  Ghost x2  
  184  18:34  Marine  
  184  18:35  Marine x4  
  184  18:39  Planetary Fortress  
  191  18:43  Missile Turret, Marine  
  191  18:44  Marine x2  
  194  18:58  Hi-Sec Auto Tracking, Structure Armor  
  194  19:02  Marine  
  200  19:03  Orbital Command  
  200  19:08  Marauder x3  
  194  19:24  Unknown x2  
  194  19:26  Marine x6  
  200  19:37  Starport  
  200  19:38  Starport  
  200  19:40  Orbital Command  
  197  19:51  Unknown  
  175  19:54  Liberator x2  
  175  19:56  Ghost x3  
  175  19:57  Marauder  
  182  20:03  Sensor Tower  
  182  20:04  Missile Turret  
  182  20:09  Missile Turret x2  
  182  20:12  Command Center  
  188  20:16  Starport Tech Lab  
  188  20:17  Ghost  
  190  20:23  Refinery  
  190  20:24  Refinery, Ghost x2  
  190  20:25  Ghost  
  195  20:29  Marine x8  
  200  20:42  Viking x2  
  199  20:45  Refinery, Terran Ship Weapons Level 1  
  199  20:49  Refinery  
  198  21:31  Ghost  
  200  21:41  Liberator  
  200  21:42  Liberator x3  
  180  21:57  Ghost x3  
  180  21:59  Ghost  
  200  22:03  Fusion Core  
  200  22:06  Missile Turret  
  200  22:07  Missile Turret  
  200  22:08  Missile Turret  
  183  22:18  Marine  
  183  22:19  Marine x7  
  166  22:25  Ghost x2  
  166  22:26  Ghost  
  166  22:28  Ghost  
  160  22:36  Marine x3  
  160  22:37  Marine  
  153  22:40  Marine  
  153  22:41  Marine x3, Command Center  
  158  22:44  Command Center  
  158  22:54  Marine x5  
  158  22:55  Marauder x2  
  158  22:57  Marine  
  158  22:58  Marine x4  
  174  23:02  Liberator x3  
  168  23:12  Marine x5  
  161  23:14  Marine  
  161  23:16  Marauder, Marine x5  
  161  23:19  Command Center  
  177  23:30  Marine x3  
  177  23:31  Marauder  
  177  23:33  Marauder  
  186  23:34  Marauder  
  186  23:40  Marauder, Marine x5  
  192  23:52  Marauder  
  192  23:54  Marauder  
  195  24:02  Ghost  
  188  24:11  Orbital Command  
  188  24:13  Ghost  
  190  24:26  Marauder, Refinery  
  190  24:27  Refinery  
  188  24:49  Siege Tank  
  191  24:56  Marauder x2  
  191  24:59  Marine x3  
  186  25:00  Marine x6  
  186  25:01  Unknown  
  183  25:11  Planetary Fortress  
  183  25:13  Viking  
  183  25:14  Viking x2  
  189  25:15  Terran Ship Weapons Level 2, Viking  
  189  25:16  Nuke, Marine  
  189  25:17  Marine x3  
  195  25:21  Siege Tank  
  195  25:26  Command Center  
  198  25:30  Advanced Ballistics  
  197  25:48  Marauder x3  
  179  26:06  Marine x8  
  179  26:09  Marauder, Marine x2  
  191  26:12  Medivac  
  191  26:13  Medivac x3  
  199  26:24  Marine x3  
  198  26:40  Ghost  
  198  26:51  Ghost x2  
  168  27:01  Medivac  
  168  27:05  Orbital Command  
  170  27:08  Ghost  
  170  27:12  Liberator  
  170  27:15  Medivac x2  
  176  27:19  Ghost x2  
  183  27:31  Siege Tank  
  186  27:37  Ghost  
  187  27:48  Ghost x2  
  189  27:52  Viking  
  189  27:53  Viking x2  
  195  28:03  Siege Tank  
  198  28:06  Ghost  
  196  28:26  Ghost x2  
  198  28:44  Ghost  
  191  28:54  Ghost  
Tags
 
Add a new tag
Caveats
  • Supply blocks, unpowered buildings, or Contaminate may cause inaccurate times.
  • Supply counts are checked every 10 seconds.